 Dungeon Crawl Stone Soup version 0.20-a0-950-g92a50c4 (webtiles) character file.

31122 oshikia the Martial Artist (level 13, -1/99 HPs)
             Began as a Demonspawn Monk on Apr 4, 2017.
             Was the Champion of Cheibriados.
             Slain by a death yak (16 damage)
             ... on level 2 of the Lair of Beasts.
             The game lasted 00:47:12 (16336 turns).

oshikia the Martial Artist (Demonspawn Monk)       Turns: 16336, Time: 00:47:12

Health: -1/99      AC: 16    Str: 37    XL:     13   Next: 24%
Magic:  0/30       EV: 18    Int: 27    God:    Cheibriados [******]
Gold:   1096       SH:  0    Dex: 35    Spells: 11/12 levels left

rFire    . . .     SeeInvis .     - Unarmed
rCold    . . .     Gourm    .   (no shield)
rNeg     + . .     Faith    .   Z - +1 chain mail "Zuni Nas" {rN+ Str+5}
rPois    .         Spirit   +   (helmet restricted)
rElec    .         Reflect  .   m - +0 cloak
rCorr    .         Harm     .   (no gloves)
MR       .....                  y - +2 pair of boots
Stlth    ++++++....             h - amulet of guardian spirit
Regen    0.3/turn               E - ring of stealth
MPRegen  0.3/turn               I - ring of magical power

@: mighty, very slow
A: antennae 1, claws 2, hooves 2, nightstalker 3, powered by pain 1
a: Bend Time, Temporal Distortion, Slouch, Step From Time, Renounce Religion


You were on level 2 of the Lair of Beasts.
You worshipped Cheibriados.
Cheibriados was exalted by your worship.
You were not hungry.

You visited 2 branches of the dungeon, and saw 14 of its levels.
You also visited: Labyrinth.

You collected 1096 gold pieces.

Inventory:

Armour
 m - a +0 cloak (worn)
 y - a +2 pair of boots (worn)
 A - a +0 helmet
 U - a +4 chain mail of cold resistance
 Z - the +1 chain mail "Zuni Nas" (worn) {rN+ Str+5}
   (You found it in a labyrinth)

   It affects your strength (+5).
   It protects you from negative energy.
Jewellery
 a - an uncursed ring of wizardry
 d - an uncursed ring of protection from fire
 h - an amulet of guardian spirit (around neck)
 E - a ring of stealth (left claw)
 I - a ring of magical power (right claw)
 M - an uncursed ring of fire
 N - an uncursed ring of wizardry
 O - a +3 ring of evasion
Wands
 L - a wand of disintegration (10/24)
 P - a wand of iceblast (9/15)
 Q - a wand of lightning (5/15)
 R - a wand of acid (6/15)
 S - a wand of lightning (9/15)
Scrolls
 c - 5 scrolls of magic mapping
 e - 3 scrolls of recharging {unknown}
 g - 6 scrolls of identify
 j - 4 scrolls of enchant weapon {unknown}
 k - 2 scrolls of fear {unknown}
 l - a scroll of immolation {unknown}
 q - 2 scrolls of fog {unknown}
 r - 5 scrolls of enchant armour {unknown}
 u - 9 scrolls of remove curse
 w - 2 scrolls of noise {unknown}
 B - 5 scrolls of teleportation
 C - 4 scrolls of amnesia {unknown}
 F - 3 scrolls of random uselessness {unknown}
 H - a scroll of summoning {unknown}
 Y - a scroll of silence {unknown}
Potions
 f - a potion of brilliance {unknown}
 i - 2 potions of ambrosia
 o - 6 potions of curing
 s - 3 potions of mutation {unknown}
 t - 3 potions of lignification {unknown}
 v - 2 potions of berserk rage {unknown}
 x - a potion of heal wounds
 z - 2 potions of agility {unknown}
 J - a potion of invisibility {unknown}
 V - a potion of flight {unknown}
Books
 n - a book of Misfortune

   Spells                             Type                      Level
   a - Confusing Touch                Hexes                        1
   b - Confuse                        Hexes                        3
   c - Gell's Gravitas                Translocation                3
   d - Petrify                        Transmutation/Earth          4
   e - Metabolic Englaciation         Hexes/Ice                    5
   f - Yara's Violent Unravelling     Hexes/Transmutation          5
 K - a book of Debilitation

   Spells                             Type                      Level
   a - Corona                         Hexes                        1
   b - Slow                           Hexes                        2
   c - Inner Flame                    Hexes/Fire                   3
   d - Portal Projectile              Hexes/Translocation          3
   e - Cause Fear                     Hexes                        4
   f - Leda's Liquefaction            Hexes/Earth                  4
 T - a Young Poisoner's Handbook

   Spells                             Type                      Level
   a - Sting                          Conjuration/Poison           1
   b - Poisonous Vapours              Poison/Air                   2
   c - Mephitic Cloud                 Conjuration/Poison/Air       3
   d - Olgreb's Toxic Radiance        Poison                       4
   e - Venom Bolt                     Conjuration/Poison           5
 W - the Reference Book on Evil and the Blaze
   (You found it in a labyrinth)

   Spells                             Type                      Level
   a - Sublimation of Blood           Necromancy                   2
   b - Inner Flame                    Hexes/Fire                   3
   c - Bolt of Draining               Conjuration/Necromancy       5
   d - Bolt of Magma                  Conjuration/Fire/Earth       5
   e - Dispel Undead                  Necromancy                   5
Comestibles
 b - 8 bread rations
 p - 10 meat rations
 D - 4 fruits
 G - 4 royal jellies


   Skills:
 + Level 8.7 Fighting
 + Level 7.0 Armour
 + Level 7.8 Dodging
 + Level 8.8 Stealth
 * Level 12.9 Unarmed Combat
 + Level 11.8 Invocations


You had 11 spell levels left.
You knew the following spells:

 Your Spells              Type           Power        Failure   Level  Hunger
a - Confusing Touch       Hex            #.....       38%         1    ##.....


Dungeon Overview and Level Annotations

Branches:
Dungeon (11/15)            Temple (0/1) D:6            Lair (3/6) D:11
  Snake (0/4) Lair:3          Orc (0/2) D:10
  Swamp: Lair:2-4    Shoals: Lair:2-4

Altars:
Cheibriados
Fedhas
Gozag
Nemelex Xobeh
Okawaru
Sif Muna
Yredelemnul

Shops:
D:8 *

Annotations:
Lair:3 exclusion: 4 oklob plants


Innate Abilities, Weirdness & Mutations

You have a pair of small antennae on your head.
You have very sharp fingernails.
You have hoof-like feet.
You are completely attuned to the shadows.
You sometimes gain a little power by taking damage.


Message History

The death yak gores you!! The death yak completely misses you. x2
The death yak gores you.
You are too injured to fight recklessly!
You claw the death yak!
The death yak is lightly wounded.
You scratch the death yak.
The death yak is moderately wounded.
The death yak gores you!
* * * LOW HITPOINT WARNING * * *
The death yak misses you.
You mangle the death yak!!
The death yak is heavily wounded.
The death yak completely misses you.
Okay, then.
You mangle the death yak!!
The death yak is almost dead.
The death yak gores you!
* * * LOW HITPOINT WARNING * * *
The death yak gores you!!
You die...

#..................
#..................
#......=...........
#..................
#..................
#..................
#YY............#.#.
#Y##...........####
#Y@........#....##
#..........#.....#
###P............###
##../..........P.P#
#................##
#.#..........#...#
#............#.###
#.............##
#..........#..#


You could see 3 death yaks.

Vanquished Creatures
  A minotaur (Lab)
  Fannar (D:10)
  4 hydras
  6 two-headed ogres
  A catoblepas (Lair:3)
  2 death yaks (Lair:3)
  An unseen horror (D:10)
  2 deep elf magi
  A mana viper (Lair:3)
  An ugly thing (D:11)
  2 cyclopes
  An elephant (Lair:3)
  3 black mambas
  3 gargoyles
  A spiny frog (Lair:2)
  2 komodo dragons (Lair:1)
  2 rime drakes (Lair:3)
  A troll (D:10)
  3 blink frogs (Lair:1)
  Prince Ribbit (D:5)
  5 hippogriffs
  A meliai zombie (D:11)
  Sigmund (D:6)
  A wraith (D:11)
  3 redbacks (Lab)
  3 wyverns
  2 shadows (Lab)
  Eustachio (D:6)
  4 yaks (Lair:2)
  7 hungry ghosts
  Edmund (D:6)
  3 wargs (D:11)
  3 nagas (Lair:3)
  Duvessa (D:5)
  6 water moccasins
  11 porcupines
  3 ice beasts
  A black bear (Lair:1)
  8 orc warriors
  A phantom (D:10)
  6 ogres
  2 necrophages
  4 wolves (Lair:2)
  10 centaurs
  5 crocodiles
  A big kobold (D:11)
  11 bullfrogs
  Dowan (D:5)
  2 wyvern skeletons
  A water moccasin skeleton (D:11)
  A troll zombie (D:10)
  5 killer bees (D:7)
  8 howler monkeys
  3 wights (D:11)
  5 crimson imps
  2 centaur zombies
  5 hounds
  A bullfrog zombie (D:9)
  2 centaur skeletons
  10 orc priests
  15 orc wizards
  2 bullfrog skeletons (D:7)
  5 iguanas
  8 worker ants
  6 ogre zombies (D:10)
  A hound zombie (D:2)
  3 hound skeletons
  2 howler monkey zombies
  A howler monkey skeleton (D:4)
  22 adders
  A gnoll (D:3)
  A shadow imp (D:9)
  2 oozes
  4 adder skeletons
  3 adder zombies
  A worm (D:5)
  2 dart slugs
  11 leopard geckos
  46 orcs
  A ball python (D:1)
  9 bats
  A bat skeleton (D:2)
  10 giant cockroaches
  7 goblins
  8 hobgoblins
  16 jackals
  11 kobolds
  8 quokkas
  3 frilled lizards
  A giant cockroach zombie (D:2)
  6 goblin zombies (D:10)
  A hobgoblin skeleton (D:10)
  2 hobgoblin zombies (D:10)
  2 jackal zombies
  4 orc skeletons (D:10)
  9 orc zombies (D:10)
  9 rats
  A plant (Lair:3)
435 creatures vanquished.

Vanquished Creatures (others)
  A fungus (Lair:3)
  3 plants
4 creatures vanquished.

Grand Total: 439 creatures vanquished

Notes
Turn   | Place    | Note
-------+----------+-------------------------------------------
     0 | D:1      | oshikia the Demonspawn Monk began the quest for the Orb.
     0 | D:1      | Reached XP level 1. HP: 19/19 MP: 1/1
    49 | D:1      | Reached skill level 1 in Unarmed Combat
   591 | D:1      | Gained mutation: You have sharp fingernails. [demonic ancestry]
   591 | D:1      | Reached XP level 2. HP: 24/25 MP: 2/2
   721 | D:1      | Reached skill level 2 in Unarmed Combat
   751 | D:1      | HP: 1/25 [goblin/dagger (3)]
  1054 | D:1      | Gained mutation: You have very sharp fingernails. [demonic ancestry]
  1054 | D:1      | Reached XP level 3. HP: 22/30 MP: 3/3
  1538 | D:1      | Reached skill level 3 in Unarmed Combat
  1852 | D:2      | Reached XP level 4. HP: 32/37 MP: 4/4
  1977 | D:2      | Found an iron altar of Okawaru.
  1987 | D:2      | Reached skill level 4 in Unarmed Combat
  2026 | D:2      | Gained mutation: You are slightly more attuned to the shadows. [demonic ancestry]
  2026 | D:2      | Reached XP level 5. HP: 30/42 MP: 5/5
  2449 | D:2      | Found a snail-covered altar of Cheibriados.
  2455 | D:2      | Found a deep blue altar of Sif Muna.
  2469 | D:2      | Became a worshipper of Cheibriados the Contemplative
  2469 | D:2      | Reached * piety under Cheibriados
  2469 | D:2      | Reached ** piety under Cheibriados
  2580 | D:3      | Reached skill level 1 in Invocations
  3339 | D:3      | Reached skill level 5 in Unarmed Combat
  3342 | D:3      | Found a blossoming altar of Fedhas.
  4003 | D:4      | Reached XP level 6. HP: 48/48 MP: 7/7
  4032 | D:4      | Found an opulent altar of Gozag.
  4079 | D:4      | Reached *** piety under Cheibriados
  4148 | D:4      | You fall through a shaft!
  4148 | D:5      | Entered Level 5 of the Dungeon
  4249 | D:5      | Reached skill level 6 in Unarmed Combat
  4288 | D:5      | Gained mutation: You are significantly more attuned to the shadows. [demonic ancestry]
  4288 | D:5      | Reached XP level 7. HP: 41/54 MP: 9/9
  4406 | D:5      | Noticed Duvessa
  4520 | D:5      | Noticed Dowan
  4526 | D:5      | Killed Duvessa
  4529 | D:5      | Noticed Prince Ribbit
  4530 | D:5      | Killed Dowan
  4538 | D:5      | Killed Prince Ribbit
  4538 | D:5      | Reached skill level 7 in Unarmed Combat
  4538 | D:5      | Reached skill level 5 in Invocations
  4915 | D:5      | Gained mutation: You have large cloven feet. [demonic ancestry]
  4915 | D:5      | Reached XP level 8. HP: 60/60 MP: 10/12
  5019 | D:6      | Noticed Eustachio
  5040 | D:6      | Killed Eustachio
  5126 | D:6      | Reached **** piety under Cheibriados
  5259 | D:6      | Reached skill level 8 in Unarmed Combat
  5385 | D:6      | Found a staircase to the Ecumenical Temple.
  5389 | D:6      | Noticed Edmund
  5408 | D:6      | Killed Edmund
  5618 | D:6      | Noticed Sigmund
  5636 | D:6      | Killed Sigmund
  5743 | D:6      | Reached skill level 9 in Unarmed Combat
  6292 | D:7      | Gained mutation: You have hoof-like feet. [demonic ancestry]
  6292 | D:7      | Reached XP level 9. HP: 55/65 MP: 11/14
  6311 | D:7      | Reached ***** piety under Cheibriados
  6311 | D:7      | Reached skill level 1 in Armour
  6600 | D:7      | Noticed a cyclops
  6667 | D:7      | Killed a cyclops
  7639 | D:8      | Reached skill level 5 in Fighting
  7741 | D:8      | Reached skill level 5 in Stealth
  7878 | D:8      | Gained mutation: You sometimes gain a little power by taking damage. [demonic ancestry]
  7878 | D:8      | Reached XP level 10. HP: 74/74 MP: 16/16
  7879 | D:8      | Found Goubibb's Assorted Antiques.
  7899 | D:8      | Reached skill level 10 in Unarmed Combat
  8339 | D:9      | Reached skill level 5 in Dodging
  8386 | D:9      | Noticed a two-headed ogre
  8396 | D:9      | Killed a two-headed ogre
  8657 | D:9      | Found a sparkling altar of Nemelex Xobeh.
  8984 | D:10     | Entered Level 10 of the Dungeon
  9239 | D:10     | Killed an unseen horror
  9416 | D:10     | Noticed a two-headed ogre
  9418 | D:10     | Found a basalt altar of Yredelemnul.
  9493 | D:10     | Killed a two-headed ogre
  9825 | D:10     | Noticed a two-headed ogre
  9833 | D:10     | Killed a two-headed ogre
  9833 | D:10     | Reached XP level 11. HP: 34/83 MP: 18/18
 10038 | D:10     | Reached ****** piety under Cheibriados
 10042 | D:10     | Noticed Fannar
 10063 | D:10     | Noticed a deep elf mage
 10072 | D:10     | Killed a deep elf mage
 10184 | D:10     | Reached skill level 11 in Unarmed Combat
 10362 | D:10     | Found a staircase to the Orcish Mines.
 10966 | D:10     | Killed Fannar
 10966 | D:10     | Reached skill level 10 in Invocations
 11186 | D:11     | Noticed a two-headed ogre
 11188 | D:11     | Noticed a deep elf mage
 11192 | D:11     | Noticed a two-headed ogre
 11195 | D:11     | Killed a two-headed ogre
 11200 | D:11     | Killed a two-headed ogre
 11210 | D:11     | Killed a deep elf mage
 11210 | D:11     | Reached skill level 5 in Armour
 11241 | D:11     | Found a labyrinth entrance.
 11248 | Lab      | Entered a labyrinth
 11461 | Lab      | Noticed a minotaur
 11478 | Lab      | Killed a minotaur
 11556 | Lab      | Identified the Reference Book on Evil and the Blaze
 11560 | Lab      | Got a scorched whip
 11560 | Lab      | Got a smelly chain mail
 11562 | Lab      | Identified the +7 whip of the Little People {flame, rC+} (You found it in a labyrinth)
 11575 | Lab      | Identified the +1 chain mail "Zuni Nas" {rN+ Str+5} (You found it in a labyrinth)
 11648 | D:11     | Gained mutation: You are completely attuned to the shadows. [demonic ancestry]
 11648 | D:11     | Reached XP level 12. HP: 72/91 MP: 20/20
 11968 | D:11     | Found a staircase to the Lair.
 12231 | D:11     | Reached skill level 12 in Unarmed Combat
 12367 | D:11     | Noticed a two-headed ogre
 12372 | D:11     | Killed a two-headed ogre
 12390 | D:11     | Noticed a seven-headed hydra
 12397 | D:11     | Killed a seven-headed hydra
 12481 | Lair:1   | Entered Level 1 of the Lair of Beasts
 12690 | Lair:1   | Learned a level 1 spell: Confusing Touch
 13484 | Lair:1   | Noticed an eight-headed hydra
 13489 | Lair:1   | Killed an eight-headed hydra
 14801 | Lair:3   | Noticed a five-headed hydra
 14802 | Lair:3   | Noticed a death yak
 14802 | Lair:3   | Noticed a death yak
 14808 | Lair:3   | Killed a five-headed hydra
 14812 | Lair:3   | Noticed a death yak
 14813 | Lair:3   | Killed a death yak
 14813 | Lair:3   | Gained mutation: You have a pair of small antennae on your head. [demonic ancestry]
 14813 | Lair:3   | Reached XP level 13. HP: 38/99 MP: 11/21
 15243 | Lair:3   | Found a staircase to the Snake Pit.
 16336 | Lair:2   | Slain by a death yak

Vault maps used:
D:1:      onia_arrival_larder
D:2:      okawaru_ov_weapons_minmay, minitemple, serial_undead, serial_undead_f,
          serial_undead_c, serial_undead_e, serial_undead_c,
          kennysheep_generic_room_3
D:3:      marbit_many_paths
D:4:      nicolae_gozag_cash_rules_everything_around_me
D:5:      lemuel_ice_spiral_2, first_bread, uniq_prince_ribbit1, uniq_duvessa
D:6:      temple_statues, uniq_edmund, uniq_sigmund, uniq_eustachio
D:7:      minmay_misc_feat_iff
D:8:      serial_shops, nicolae_shop_crystal
D:9:      lemuel_coloured_pillars_altar
D:10:     zombieorc2_lemuel, basic_altar, uniq_fannar
D:11:     erik_lair_orcish_takeover, lab_entry_generic
Lair:2:   beast_lair_carwin_10
Lair:3:   minmay_snake_entry_guardpost_medium, minmay_lair_oklob_chamber
Lab:      labyrinth_mini_lab, nicolae_lab_statue, nicolae_lab_blocks,
          nicolae_lab_flowing_pool, nicolae_lab_arrow, labyrinth_glass_2,
          nicolae_lab_very_dead_end, nicolae_lab_diamond, nicolae_lab_dead_end,
          labyrinth_fake_exit, nicolae_lab_t_cross, lab_statue,
          nicolae_lab_swirl

Skill      XL: |  1  2  3  4  5  6  7  8  9 10 11 12 13 |
---------------+----------------------------------------+-----
Unarmed Combat | 1 2 3 4 5 6 7 9 10 11 12 | 12.9
Invocations    | 1 3 5 7 8 9 10 11 | 11.8
Stealth        | 5 6 7 8 |  8.8
Armour         | 2 3 5 6 7 |  7.0
Dodging        | 4 5 6 7 |  7.8
Fighting       | 5 6 7 8 |  8.7

Action                   |  1- 3 |  4- 6 |  7- 9 | 10-12 | 13-15 || total
-------------------------+-------+-------+-------+-------+-------++-------
Melee: Unarmed           |   180 |   195 |   244 |   602 |    58 ||  1279
       Punch             |       |     5 |    21 |    53 |     7 ||    86
Throw: Javelin           |       |       |     6 |     2 |       ||     8
Invok: Bend Time         |       |       |     2 |     2 |       ||     4
       Slouch            |       |       |     2 |     3 |     1 ||     6
  Use: Potion            |       |     1 |     2 |       |     3 ||     6
       Scroll            |       |       |       |     3 |     1 ||     4
 Stab: Sleeping          |     6 |    13 |    22 |    33 |     2 ||    76
       Distracted        |       |     1 |     2 |    18 |     2 ||    23
       Petrifying        |       |       |       |       |     3 ||     3
  Eat: Chunk             |     3 |     5 |     6 |    17 |     2 ||    33
       Fruit             |       |       |       |     2 |       ||     2
Armor: Robe              |    30 |    60 |    35 |    55 |       ||   180
       Chain mail        |       |       |       |   111 |    22 ||   133
Dodge: Dodged            |   153 |   187 |   162 |   472 |    72 ||  1046
